 Dungeon Crawl Stone Soup version 0.29.1-15-g9cfb28693d (webtiles) character file.

Game seed: 4817639192760877655

149 GigaChad the Covered (level 5, -5/47 HPs)
             Began as a Minotaur Fighter on Mar 12, 2023.
             Slain by Sigmund
             ... wielding a +0 scythe
              (10 damage)
             ... on level 3 of the Dungeon.
             The game lasted 00:02:27 (2287 turns).

GigaChad the Covered (Minotaur Fighter)             Turns: 2287, Time: 00:02:28

Health: -5/47      AC:  7    Str: 23    XL:     5   Next: 9%
Magic:  4/4        EV:  8    Int:  5    God:
Gold:   97         SH:  8    Dex:  9    Spells: 4/4 levels left

rFire   . . .      SeeInvis .   a - +0 war axe
rCold   . . .      Faith    .   l - +0 kite shield
rNeg    . . .      Spirit   .   b - +0 scale mail
rPois   .          Reflect  .   (helmet restricted)
rElec   .          Harm     .   (no cloak)
rCorr   .          Rampage  .   (no gloves)
Will    .....                   (no boots)
Stlth   ..........              (no amulet)
HPRegen 0.15/turn               (no ring)
MPRegen 0.09/turn               (no ring)

@: no status effects
A: horns 2, retaliatory headbutt
a: no special abilities


You were on level 3 of the Dungeon.
You visited 1 branch of the dungeon, and saw 3 of its levels.

You collected 97 gold pieces.

Inventory:

Hand Weapons
 a - a +0 war axe (weapon)
Armour
 b - a +0 scale mail (worn)
 c - a +1 buckler
 l - a +0 kite shield (worn)
Wands
 j - a wand of digging (4)
Scrolls
 e - 2 scrolls of enchant armour
 f - 4 scrolls of identify
 m - a scroll of fear {unknown}
Potions
 d - a potion of might
 g - a potion of brilliance {unknown}
 h - 2 potions of haste {unknown}
 i - 2 potions of degeneration {unknown}
 k - a potion of attraction {unknown}


   Skills:
 + Level 4.4 Fighting
 + Level 4.3 Axes
 + Level 4.5 Armour
 + Level 1.4 Dodging
 + Level 0.2 Stealth
 + Level 4.1 Shields


You had 4 spell levels left.
You didn't know any spells.
Your spell library contained the following spells:

 Spells                   Type           Power      Damage    Failure   Level
 Portal Projectile        Hex/Tloc       0%         N/A       100%        3
 Tukima's Dance           Hex            0%         N/A       100%        3
 Blade Hands              Tmut           0%         N/A       100%        5


Dungeon Overview and Level Annotations

Branches:
Dungeon (3/15)

Altars:
Fedhas

Annotations:
D:3 Sigmund


Innate Abilities, Weirdness & Mutations

You have a pair of horns on your head.
You reflexively headbutt those who attack you in melee.


Message History

You kill the worm!
You hit the jackal.
You kill the jackal!
Something hits you! The endoplasm freezes you.
You are frozen.
Something hits you but does no damage. The endoplasm freezes you.
You are frozen.
You see here a hound corpse.
You slash the endoplasm!
You kill the endoplasm!
Something hits you!
You hear some strange, mumbled words.
Something tries to affect you, but you resist.
You see here a dart slug corpse.
Found a ring mail.
Something hits you.
You slash something! Something hits you.
You miss something.
You hear some strange, mumbled words.
A magic dart appears from out of thin air!
The magic dart hits you.
* * * LOW HITPOINT WARNING * * *
You slash something! Your headbutt misses something.
Something hits you but does no damage.
You barely miss something. Your headbutt misses something.
Something hits you but does no damage.
A worm comes into view.
You closely miss something. Your headbutt misses something. Something hits you.
* * * LOW HITPOINT WARNING * * *
You miss something. Your headbutt misses something. Something hits you.
* * * LOW HITPOINT WARNING * * *
The giant cockroach waves its antennae.
You miss something. You headbutt something.
Something hits you but does no damage.
You closely miss something. Something hits you.
* * * LOW HITPOINT WARNING * * *
You barely miss something. Something hits you but does no damage.
You hit something. Your headbutt misses something. Something hits you!
You die...

#...................
#.............?...<.
#...................
##.....†.............
................w....
.......†.............
.##......####!###.##
##.....####†###.##.#.
...........†††@..w....
#.>###..##.###{##.#.#.
...# ......


Bh.. ..# .#..## .##.#.# .. ..#.# .. .. # . .... .# .". #. [..# # .... You could
see a worm, a jackal and a giant cockroach.

Vanquished Creatures
  A hound (D:3)
  3 adders (D:2)
  An ufetubus (D:3)
  2 worms (D:3)
  4 dart slugs
  7 bats
  6 endoplasms
  4 giant cockroaches
  4 goblins
  5 hobgoblins
  14 jackals
  2 kobolds (D:1)
  A quokka (D:1)
  10 ball pythons
  A rat (D:2)
65 creatures vanquished.

Notes
Turn   | Place    | Note
-------+----------+-------------------------------------------
     0 | D:1      | GigaChad the Minotaur Fighter began the quest for the Orb.
     0 | D:1      | Reached XP level 1. HP: 19/19 MP: 0/0
   113 | D:1      | Reached XP level 2. HP: 12/27 MP: 1/1
   282 | D:1      | Found a faded altar of an unknown god.
   592 | D:1      | Reached skill level 1 in Dodging
   632 | D:1      | Reached XP level 3. HP: 33/33 MP: 2/2
  1394 | D:2      | Found a blossoming altar of Fedhas.
  1932 | D:2      | Reached XP level 4. HP: 36/40 MP: 3/3
  2263 | D:3      | Noticed Sigmund
  2273 | D:3      | Reached XP level 5. HP: 42/47 MP: 4/4
  2287 | D:3      | Slain by Sigmund

Illustrated notes

Levels and vault maps discovered:
D:1:      saegor_arrival_simple_d, layout_loops_ring,
          shapermc_ecumenical_altar_pompeii
D:2:      layout_loops_corners, basic_altar
D:3:      layout_rooms, old_standard_altar, minmay_diced_spiral,
          uniq_crazy_yiuf_cottage, uniq_sigmund

Skill      XL: |  1  2  3  4 |
---------------+-------------+-----
Fighting       | 4 |  4.4
Armour         | 4 |  4.5
Dodging        | 1 |  1.4
Axes           | 3 4 |  4.3
Shields        | 4 |  4.1
Stealth        | |  0.2

Action                   |  1- 3 |  4- 6 || total
-------------------------+-------+-------++-------
Melee: War axe           |    99 |    45 ||   144
       Headbutt          |    12 |     7 ||    19
  Use: Scroll            |     2 |       ||     2
Armor: Scale mail        |    69 |    24 ||    93
Dodge: Dodged            |    67 |    14 ||    81
Block: Buckler           |    33 |       ||    33
       Kite shield       |     7 |    14 ||    21
